Map: 16-Bit LE

Players

XenoWeapon - Winner!

  • Race: Protoss Protoss
  • League: Master
  • Spawn Location: 1:00

FisterRoboto

  • Race: Zerg Zerg
  • League: Master
  • Spawn Location: 7:00

VOD

Have the link to the VOD?

Description

Time

  • Played on: July 21, 2018, 2:28 a.m.
  • Length: 16:33
Show
View Real Time Build Order
Export as new Build Order

XenoWeapon Protoss - Winner!

Build Orders:  

Get SALT Encoding   

  12  0:01  Probe  
  13  0:13  Probe  
  14  0:22  Pylon  
  14  0:25  Probe  
  15  0:36  Probe  
  15  0:42  Gateway  
  16  0:44  Probe  
  17  0:54  Probe  
  18  0:57  Assimilator  
  18  1:03  Pylon  
  18  1:07  Probe  
  19  1:20  Probe  
  19  1:25  Gateway  
  19  1:32  Probe  
  20  1:37  Cybernetics Core  
  20  1:40  Pylon  
  20  1:44  Probe  
  21  1:48  Assimilator  
  21  1:57  Probe  
  22  2:06  Adept x2  
  22  2:09  Probe  
  27  2:16  Warp Gate  
  27  2:21  Probe  
  28  2:42  Nexus  
  28  2:45  Probe  
  28  2:48  Sentry  
  31  2:55  Pylon  
  31  3:13  Probe  
  32  3:29  Zealot  
  32  3:30  Zealot  
  36  3:35  Twilight Council  
  34  3:42  Probe  
  33  3:53  Forge  
  33  3:54  Probe  
  33  3:55  Probe  
  35  4:00  Charge  
  35  4:05  Pylon  
  35  4:06  Probe  
  35  4:08  Protoss Ground Weapons Level 1  
  36  4:13  Probe  
  37  4:19  Probe  
  37  4:20  Stalker  
  40  4:25  Probe  
  40  4:29  Zealot  
  40  4:31  Probe  
  44  4:37  Probe  
  45  4:38  Robotics Facility  
  45  4:43  Probe  
  46  4:49  Probe  
  47  4:55  Probe  
  48  5:01  Probe  
  49  5:07  Probe  
  49  5:11  Gateway  
  49  5:12  Gateway x2  
  49  5:14  Gateway  
  50  5:15  Warp Prism  
  50  5:17  Gateway  
  50  5:18  Probe  
  50  5:19  Probe  
  54  5:30  Probe  
  54  5:35  Probe  
  56  5:38  Assimilator  
  56  5:40  Assimilator  
  56  5:45  Dark Shrine  
  56  5:54  Nexus  
  56  5:56  Pylon  
  56  6:04  Probe x2  
  56  6:20  Zealot x6  
  64  6:28  Probe  
  64  6:29  Probe  
  66  6:38  Protoss Ground Weapons Level 2  
  60  6:40  Probe  
  60  6:41  Robotics Facility  
  60  6:42  Robotics Facility  
  60  6:46  Probe  
  56  6:53  Probe, Stalker  
  56  6:54  Stalker  
  61  6:58  Probe  
  62  7:09  Dark Templar x3  
  62  7:12  Probe x2  
  62  7:13  Probe  
  71  7:24  Probe x2, Pylon  
  71  7:25  Probe, Immortal  
  71  7:27  Immortal  
  74  7:34  Immortal  
  74  7:36  Probe  
  74  7:37  Probe x2  
  89  7:48  Probe  
  89  7:49  Probe  
  91  8:00  Probe  
  91  8:01  Probe  
  91  8:05  Pylon  
  93  8:06  Pylon x2  
  93  8:18  Pylon  
  93  8:23  Probe x3, Immortal  
  93  8:24  Immortal  
  104  8:35  Probe x3  
  104  8:36  Nexus  
  104  8:39  Assimilator  
  104  8:40  Assimilator  
  107  8:41  Immortal  
  107  8:47  Probe  
  112  8:48  Zealot x3  
  112  8:49  Zealot  
  120  8:58  Gateway  
  120  9:01  Pylon  
  120  9:06  Immortal  
  120  9:08  Pylon  
  124  9:12  Archon  
  124  9:18  Protoss Ground Armor Level 1  
  124  9:19  Immortal  
  124  9:23  Sentry  
  124  9:24  Sentry  
  132  9:26  Observer  
  132  9:30  Pylon, Shield Battery  
  133  9:36  Pylon  
  133  9:39  Pylon  
  133  9:44  Immortal, Stargate  
  133  9:46  Templar Archives  
  133  9:51  Immortal  
  133  9:52  Pylon, Sentry x2  
  145  9:53  Pylon  
  145  9:55  Pylon  
  145  10:06  Zealot x2  
  145  10:07  Zealot x2  
  151  10:12  Psionic Storm  
  153  10:14  Probe x3  
  156  10:23  Gateway  
  156  10:25  Gateway  
  156  10:26  Probe  
  153  10:28  Gateway  
  149  10:37  Zealot x6  
  145  11:19  Immortal x3  
  145  11:23  Zealot x5  
  145  11:24  Zealot  
  135  11:53  High Templar x6  
  134  11:56  Probe  
  134  11:57  Probe x2  
  134  11:59  Pylon  
  134  12:00  Pylon, Assimilator  
  133  12:02  Pylon  
  133  12:03  Assimilator  
  133  12:06  Protoss Ground Weapons Level 3  
  133  12:08  Zealot x3  
  139  12:09  Gateway  
  139  12:10  Gateway  
  139  12:12  Gateway, Warp Prism  
  139  12:14  Observer  
  139  12:15  Observer  
  143  12:28  Probe x3  
  146  12:40  Probe  
  146  12:41  Zealot  
  146  12:42  Zealot x6  
  146  12:43  Zealot  
  163  12:54  Nexus  
  163  12:57  Pylon x2  
  161  13:12  High Templar x2  
  161  13:13  Zealot x5  
  161  13:14  Zealot x2  
  169  13:31  Photon Cannon  
  169  13:32  Photon Cannon  
  169  13:33  Photon Cannon  
  165  13:34  Shield Battery  
  165  13:35  Photon Cannon  
  165  13:37  Shield Battery  
  165  13:38  Assimilator  
  165  13:40  Shield Battery  
  165  13:42  Assimilator  
  165  13:59  Zealot x4  
  165  14:00  Zealot x5  
  181  14:05  Warp Prism  
  131  14:41  High Templar x6  
  131  14:42  High Templar x2  
  147  14:47  Fleet Beacon  
  147  14:57  Stargate  
  147  14:58  Stargate x2  
  147  15:01  Pylon, Stargate  
  147  15:02  Pylon  
  147  15:08  Archon x2  
  147  15:10  Archon x3  
  147  15:34  Zealot x5  
  147  15:35  Zealot x4  
  165  15:38  Dark Templar  
  165  15:39  Dark Templar x2  
  165  15:57  Phoenix x3  
  167  16:06  Stargate  
  167  16:09  Pylon  
  167  16:10  Pylon, Stargate  
  167  16:11  Stargate  
  155  16:22  Photon Cannon  
  155  16:23  Pylon, Photon Cannon x2  
Show
View Real Time Build Order
Export as new Build Order

FisterRoboto Zerg 

Build Orders: Hatch First, Lurkers 

Get SALT Encoding   

  12  0:02  Drone  
  13  0:12  Overlord  
  13  0:17  Drone  
  14  0:30  Drone x2  
  16  0:59  Hatchery  
  15  1:05  Drone  
  15  1:06  Drone x2  
  15  1:11  Extractor  
  17  1:22  Spawning Pool  
  16  1:27  Drone  
  18  1:42  Hatchery  
  18  1:44  Drone  
  18  1:45  Drone  
  19  1:59  Spawning Pool  
  18  2:03  Drone  
  18  2:07  Drone  
  20  2:11  Drone  
  21  2:17  Drone  
  21  2:22  Drone x2  
  24  2:46  Metabolic Boost  
  24  2:47  Zergling x8  
  28  2:54  Queen  
  28  2:55  Queen  
  32  3:02  Queen  
  33  3:21  Zergling x2  
  33  3:23  Overlord x2  
  34  3:36  Drone  
  33  3:42  Drone  
  33  3:43  Drone x4  
  33  3:46  Drone x2  
  40  3:55  Drone x2  
  42  3:59  Drone  
  43  4:04  Drone  
  43  4:05  Drone, Roach Warren  
  43  4:08  Drone  
  45  4:14  Overlord  
  45  4:15  Drone x3  
  48  4:24  Lair, Extractor  
  48  4:29  Spore Crawler  
  46  4:31  Spore Crawler  
  46  4:33  Drone x2, Spore Crawler  
  46  4:34  Drone  
  46  4:36  Drone  
  48  4:38  Drone  
  48  4:40  Drone  
  48  4:44  Overlord  
  50  4:47  Overlord  
  50  4:55  Overlord  
  50  5:05  Roach  
  50  5:06  Roach x5  
  62  5:08  Roach  
  62  5:10  Roach  
  62  5:12  Overlord  
  66  5:15  Overlord  
  66  5:26  Overseer  
  66  5:31  Roach  
  66  5:32  Roach x3  
  66  5:34  Drone  
  66  5:35  Drone x4  
  79  5:39  Drone x3  
  79  5:42  Overlord  
  82  5:47  Overlord  
  82  5:48  Overlord  
  82  5:54  Hydralisk Den  
  82  5:56  Evolution Chamber  
  80  6:03  Roach  
  80  6:04  Roach x4  
  90  6:10  Roach x3  
  96  6:18  Roach x3  
  99  6:20  Drone x3  
  102  6:26  Roach  
  102  6:27  Roach  
  102  6:28  Overlord  
  100  6:47  Drone x9  
  100  6:48  Drone  
  100  6:53  Zerg Missile Weapons Level 1  
  110  6:54  Queen  
  110  6:55  Queen  
  114  7:08  Extractor x2, Queen  
  113  7:14  Glial Reconstitution  
  114  7:17  Extractor, Overlord  
  114  7:18  Extractor, Overlord x6  
  114  7:20  Grooved Spines  
  112  7:34  Overseer  
  112  7:37  Overseer  
  112  8:06  Lurker Den  
  112  8:07  Drone x7  
  112  8:08  Drone x7  
  112  8:12  Queen  
  127  8:14  Hatchery, Queen  
  128  8:20  Hatchery  
  128  8:21  Hydralisk x5  
  137  8:30  Drone x8  
  137  8:33  Muscular Augments  
  145  8:38  Hydralisk x2  
  149  8:46  Hydralisk x3  
  149  8:47  Hydralisk  
  157  8:54  Extractor  
  156  8:57  Extractor, Queen  
  157  9:05  Zergling x10  
  157  9:06  Overlord  
  157  9:07  Overlord x2  
  162  9:16  Zerg Missile Weapons Level 2  
  162  9:24  Overlord x2  
  162  9:25  Overlord  
  162  9:27  Hydralisk  
  162  9:28  Hydralisk x5  
  174  9:34  Lurker x2  
  177  9:38  Lurker  
  177  9:45  Drone x4  
  178  9:46  Drone x5  
  178  9:48  Lurker  
  178  9:50  Lurker  
  178  9:52  Zergling x12  
  194  9:56  Lurker  
  195  10:04  Queen  
  197  10:09  Lurker  
  197  10:10  Lurker x2  
  200  10:22  Hatchery  
  200  10:28  Pneumatized Carapace  
  194  10:29  Zergling x10  
  197  10:36  Overseer  
  197  10:43  Zergling x6  
  197  10:47  Infestation Pit  
  197  10:49  Spire  
  198  10:57  Zergling x12  
  175  11:18  Roach, Hydralisk x9  
  161  11:20  Zergling x28  
  161  11:21  Zergling x8  
  167  11:26  Roach x2  
  167  11:27  Queen  
  167  11:29  Queen  
  154  11:36  Lurker  
  132  11:45  Lurker  
  123  11:49  Drone x6  
  123  11:50  Drone x2, Hatchery  
  123  11:53  Drone x2  
  128  12:05  Hatchery  
  127  12:09  Hydralisk x4  
  127  12:14  Hydralisk x4  
  143  12:19  Zerg Ground Armor Level 1  
  143  12:21  Overseer x2  
  143  12:23  Drone x2  
  145  12:34  Drone x2  
  145  12:35  Drone x5  
  145  12:36  Drone  
  153  12:38  Drone  
  153  12:39  Drone  
  153  12:42  Hydralisk  
  157  12:44  Lurker x2  
  157  12:47  Lurker  
  154  12:59  Hydralisk x3  
  157  13:15  Drone x9  
  157  13:18  Drone  
  157  13:19  Drone  
  167  13:43  Drone  
  167  13:47  Zergling x16  
  167  13:48  Zergling x2  
  177  13:59  Zergling x2  
  177  14:00  Zergling x10  
  183  14:05  Hive  
  183  14:08  Queen x3  
  187  14:15  Zergling x8  
  154  14:25  Zergling x2  
  154  14:26  Zergling x6  
  145  14:35  Hatchery  
  145  14:37  Zergling x8  
  145  14:38  Drone x3  
  143  14:41  Drone x6  
  143  14:42  Queen  
  151  14:51  Mutalisk x2  
  155  14:57  Mutalisk x2  
  159  15:01  Overseer  
  159  15:04  Drone  
  159  15:05  Drone x6  
  159  15:06  Extractor  
  165  15:10  Extractor  
  165  15:13  Lurker  
  165  15:19  Hydralisk Den  
  164  15:34  Spore Crawler  
  163  15:38  Mutalisk  
  163  15:39  Mutalisk x8  
  179  15:43  Zergling x14  
  175  15:57  Mutalisk x2  
  171  16:13  Drone x4  
  171  16:14  Drone x10  
  185  16:22  Hatchery  
Tags
 
Composition
Lurkers
Matchup
PvZ
Spawn Locations
Cross Positions
Add a new tag
Caveats
  • Supply blocks, unpowered buildings, or Contaminate may cause inaccurate times.
  • Supply counts are checked every 10 seconds.